 Dungeon Crawl Stone Soup version 0.29.1-2-gbd0b4ee654 (webtiles) character file.

Game seed: 17915781964309315195

9179 DildoBatman the Geomancer (level 11, 0/79 HPs)
             Began as a Formicid Conjurer on Nov 24, 2022.
             Was a High Priest of Kikubaaqudgha.
             Slain by a troll (4 damage)
             ... on level 9 of the Dungeon.
             The game lasted 00:36:05 (9721 turns).

DildoBatman the Geomancer (Formicid Conjurer)       Turns: 9721, Time: 00:36:05

Health: 0/79       AC:  6    Str: 11    XL:     11   Next: 69%
Magic:  1/21       EV: 12    Int: 23    God:    Kikubaaqudgha [*****.]
Gold:   537        SH:  0    Dex: 12    Spells: 9/24 levels left

rFire   + . .      SeeInvis +   a - +2 dire flail (protect)
rCold   . . .      Faith    .   (no shield)
rNeg    . . .      Spirit   .   D - +2 robe {Will+}
rPois   .          Reflect  .   (helmet unavailable)
rElec   .          Harm     .   (no cloak)
rCorr   .          Rampage  .   (no gloves)
Will    ++...      Clarity  +   (no boots)
Stlth   ++........              g - amulet of the acrobat
HPRegen 0.23/turn               w - ring of protection from fire
MPRegen 0.17/turn               (no ring)

@: mighty
A: permanent stasis, dig shafts and tunnels, antennae 3, four strong arms,
iridescent scales 1, clarity
a: Dig, Shaft Self, Renounce Religion, Unearth Wretches, Torment


You were on level 9 of the Dungeon.
You worshipped Kikubaaqudgha.
Kikubaaqudgha was extremely pleased with you.
You visited 1 branch of the dungeon, and saw 9 of its levels.
You also visited: Ossuary.

You collected 537 gold pieces.

Inventory:

Hand Weapons
 a - a +2 dire flail of protection (weapon)
 b - a +0 arbalest
Missiles
 j - 3 datura-tipped darts
 v - 9 poisoned darts
Armour
 D - a +2 robe of willpower (worn)
 E - a +0 robe of fire resistance
Jewellery
 g - an amulet of the acrobat (around neck)
 w - a ring of protection from fire (left hand)
Wands
 s - a wand of light (7)
 A - a wand of charming (16)
Scrolls
 c - 2 scrolls of butterflies {unknown}
 d - 2 scrolls of blinking {unknown}
 e - a scroll of vulnerability {unknown}
 i - 4 scrolls of poison
 l - a scroll of silence {unknown}
 p - 4 scrolls of immolation
 r - 2 scrolls of enchant armour
 u - a scroll of enchant weapon {unknown}
 y - 2 scrolls of noise {unknown}
 z - 4 scrolls of identify
 C - 2 scrolls of magic mapping
 F - a scroll of fear {unknown}
Potions
 f - 11 potions of curing
 k - 7 potions of heal wounds
 m - 3 potions of flight
 n - 2 potions of invisibility
 o - a potion of ambrosia {unknown}
 q - 3 potions of brilliance
 t - 2 potions of lignification {unknown}
 x - 3 potions of attraction {unknown}
 B - 2 potions of degeneration {unknown}


   Skills:
 - Level 5.0 Fighting
 - Level 5.0 Armour
 - Level 3.0 Dodging
 - Level 2.4 Stealth
 - Level 7.0 Spellcasting
 - Level 6.0 Conjurations
 * Level 10.4 Necromancy
 * Level 10.5 Earth Magic


You had 9 spell levels left.
You knew the following spells:

 Your Spells              Type           Power      Damage    Failure   Level
a - Borgnjor's Vile Clut  Necr/Erth      27%        N/A       2%          5
c - Searing Ray           Conj           70%        2d7       1%          2
d - Vampiric Draining     Necr           54%        2d9       1%          3
e - Magic Dart            Conj           100%       1d8       1%          1
h - Dispel Undead         Necr           54%        3d20      1%          4

Your spell library contained the following spells:

 Spells                   Type           Power      Damage    Failure   Level
 Necrotise                Necr           100%       1d9       1%          1
 Animate Dead             Necr           54%        N/A       1%          4
 Agony                    Necr           54%        N/A       3%          5
 Dazzling Flash           Conj/Hex       42%        N/A       7%          3
 Beastly Appendage        Tmut           16%        N/A       8%          1
 Anguish                  Hex/Necr       15%        N/A       9%          4
 Wereblood                Tmut           8%         N/A       12%         2
 Corpse Rot               Necr/Pois/Air  24%        N/A       19%         4
 Spider Form              Tmut/Pois      8%         N/A       22%         3
 Fulminant Prism          Conj/Hex       10%        3d9       22%         4
 Iskenderun's Mystic Bla  Conj/Tloc      21%        2d6       22%         4
 Summon Ice Beast         Ice/Summ       8%         N/A       58%         4
 Simulacrum               Ice/Necr       15%        N/A       80%         6
 Summon Mana Viper        Hex/Summ       8%         N/A       91%         5
 Monstrous Menagerie      Summ           4%         N/A       100%        7


Dungeon Overview and Level Annotations

Branches:
Dungeon (9/15)             Temple (0/1) D:4            Lair (0/5) D:8
Ossuary (visited)
    Orc: D:9-12

Altars:
Hepliaklqana
Kikubaaqudgha
Makhleb
Sif Muna
Vehumet
Wu Jian

Shops:
D:3 [

Annotations:
D:7 exclusion: wizard


Innate Abilities, Weirdness & Mutations

You cannot be hasted, slowed, berserked, paralysed or teleported.
You can dig through walls and to a lower floor.
You have a pair of large antennae on your head. (SInv)
Your four strong arms can wield two-handed weapons with a shield.
You are partially covered in iridescent scales. (AC +2)
You possess an exceptional clarity of mind.


Message History

The troll barely misses you. The troll claws you!
Casting: Borgnjor's Vile Clutch (dangerous; 2% risk of failure)
Confirm with . or Enter, or press ? or * to list all spells.
Aiming: Vampiric Draining (safe; 1% risk of failure)
Press: ? - help, Shift-Dir - straight line, f/p - troll
Aim: a troll (severely wounded)
You draw life force from the troll.
You feel life coursing into your body. The troll barely misses you.
The troll claws you. The troll closely misses you.
The troll attacks as you move away! The troll completely misses you.
The troll barely misses you. x2
The troll attacks as you move away! The troll misses you.
The troll closely misses you. The troll completely misses you.
Your +2 dire flail of protection hums with potential!
a - a +2 dire flail of protection (weapon)
You hit the troll but do no damage.
Your weapon exudes an aura of protection.
The troll is severely wounded.
The troll bites you! The troll barely misses you. The troll claws you.
The troll bites you. The troll barely misses you.
The troll claws you but does no damage.
You barely miss the troll.
The troll is severely wounded.
The troll completely misses you. The troll claws you but does no damage.
The troll claws you!
You feel very mighty all of a sudden. The troll bites you! The troll claws you.
You die...
Kikubaaqudgha rasps: "You have failed me!
Welcome... death!"

##.....).#
##...........##
##......#
#..........###
##.....##
#.........## #
##.....# ##.).....##
## ##..#.# ##.<..###
##. ####.## #.#####
##.. #.o# ##.# ##...
##T#############....
#.@................
#......†........#..
##.######....##..##.
#..# #.....#.####
##.## ##......# #..#
#.....<# ##..#
#...?..## ### #..##
##......# #####..
##..# #......##


You could see a troll and an orc.

Vanquished Creatures
  A skeletal warrior (D:7)
  Pikel (D:6)
  Joseph (D:7)
  Psyche (D:8)
  Prince Ribbit (D:5)
  A hornet (D:8)
  Grinder (D:5)
  A shadow (D:7)
  12 yaks
  4 water moccasins
  Duvessa (D:5)
  A hornet zombie (Ossuary)
  6 orc warriors
  5 sky beasts
  3 ice beasts
  An ogre (D:5)
  3 centaurs
  3 lemures (D:6)
  A kobold brigand (D:9)
  A phantom (D:6)
  An elf zombie (D:4)
  A bullfrog (D:7)
  A necrophage (D:6)
  An elf skeleton (D:4)
  2 water moccasin zombies (Ossuary)
  A wyvern zombie (Ossuary)
  A scorpion (D:4)
  5 wights (D:7)
  Dowan (D:5)
  4 killer bees (D:8)
  2 howler monkeys (D:9)
  7 bullfrog zombies (Ossuary)
  A centaur zombie (Ossuary)
  A human zombie (D:4)
  4 jellies
  6 hounds
  A gnoll bouda (D:6)
  9 orc priests
  2 human skeletons (D:4)
  Jessica (D:2)
  7 iguanas
  5 orc wizards
  2 killer bee zombies (Ossuary)
  9 mummies (Ossuary)
  3 howler monkey zombies (Ossuary)
  3 gnolls (D:6)
  4 adders
  A shadow imp (D:7)
  4 white imps
  An ufetubus (D:4)
  A worm (D:4)
  A dart slug (D:3)
  35 orcs
  6 ball pythons
  5 endoplasms
  3 goblins
  3 hobgoblins
  6 jackals
  11 kobolds
  2 quokkas (D:4)
  4 bats
  An orc skeleton (D:4)
  3 rats
221 creatures vanquished.

Vanquished Creatures (collateral kills)
  2 bullfrog zombies (Ossuary)
  A killer bee zombie (Ossuary)
  A howler monkey zombie (Ossuary)
4 creatures vanquished.

Vanquished Creatures (others)
  A centaur zombie (Ossuary)
  8 plants
  8 withered plants (Ossuary)
17 creatures vanquished.

Grand Total: 242 creatures vanquished

Notes
Turn   | Place    | Note
-------+----------+-------------------------------------------
     0 | D:1      | DildoBatman the Formicid Conjurer began the quest for the
                  | Orb.
     0 | D:1      | Reached XP level 1. HP: 13/13 MP: 3/3
   495 | D:1      | Reached XP level 2. HP: 20/20 MP: 3/5
   498 | D:1      | Learned a level 2 spell: Searing Ray
   811 | D:1      | Found a faded altar of an unknown god.
   912 | D:2      | Found an ornate altar of the Wu Jian Council.
  1019 | D:2      | Noticed Jessica
  1024 | D:2      | Killed Jessica
  1025 | D:2      | Reached skill level 1 in Fighting
  1025 | D:2      | Reached skill level 1 in Armour
  1025 | D:2      | Reached XP level 3. HP: 26/26 MP: 2/6
  1084 | D:2      | Reached XP level 4. HP: 27/32 MP: 3/8
  1730 | D:3      | Found a hazy altar of Hepliaklqana.
  1730 | D:3      | Found an ancient bone altar of Kikubaaqudgha.
  1730 | D:3      | Found a radiant altar of Vehumet.
  1750 | D:3      | Became a worshipper of Kikubaaqudgha
  1886 | D:3      | Found Dygei's Antique Armour Shop.
  1989 | D:4      | Reached XP level 5. HP: 28/38 MP: 1/9
  2277 | D:4      | Found a staircase to the Ecumenical Temple.
  2318 | D:4      | Reached XP level 6. HP: 16/46 MP: 3/11
  2336 | D:4      | Reached * piety under Kikubaaqudgha
  2336 | D:4      | Received a gift from Kikubaaqudgha
  2429 | D:4      | Found a sand-covered staircase.
  2440 | Ossuary  | Entered an ossuary
  2675 | Ossuary  | Reached XP level 7. HP: 34/52 MP: 4/13
  2714 | Ossuary  | Reached skill level 5 in Conjurations
  3219 | Ossuary  | Reached skill level 5 in Spellcasting
  3354 | Ossuary  | Reached XP level 8. HP: 39/58 MP: 4/16
  4186 | D:4      | Reached skill level 1 in Necromancy
  4190 | D:4      | Learned a level 3 spell: Vampiric Draining
  4281 | D:4      | Found a shimmering blue altar of Sif Muna.
  4293 | D:4      | Reached ** piety under Kikubaaqudgha
  4691 | D:5      | Entered Level 5 of the Dungeon
  4846 | D:5      | Noticed Dowan
  4847 | D:5      | Noticed Duvessa
  4965 | D:5      | Reached XP level 9. HP: 54/64 MP: 11/19
  5137 | D:5      | Killed Duvessa
  5190 | D:5      | Noticed Grinder
  5190 | D:5      | Noticed Prince Ribbit
  5207 | D:5      | Killed Grinder
  5301 | D:5      | Killed Prince Ribbit
  5453 | D:5      | Killed Dowan
  5512 | D:5      | Reached skill level 5 in Necromancy
  5660 | D:6      | Reached skill level 5 in Fighting
  5660 | D:6      | Reached skill level 5 in Armour
  5850 | D:6      | Reached XP level 10. HP: 70/74 MP: 9/20
  6231 | D:6      | Reached *** piety under Kikubaaqudgha
  6231 | D:6      | Received a gift from Kikubaaqudgha
  6239 | D:6      | Learned a level 4 spell: Dispel Undead
  6245 | D:6      | Learned a level 5 spell: Borgnjor's Vile Clutch
  6397 | D:6      | Reached skill level 1 in Earth Magic
  6519 | D:6      | Noticed Pikel
  6564 | D:6      | Killed Pikel
  6725 | D:6      | Gained mutation: You are partially covered in iridescent
                  | scales. (AC +2) [potion of mutation]
  6726 | D:6      | Lost mutation: You are partially covered in iridescent
                  | scales. (AC +2) [potion of mutation]
  6726 | D:6      | Gained mutation: Your body sometimes deteriorates upon
                  | taking damage. [potion of mutation]
  6726 | D:6      | Gained mutation: You are weak. (Str -2) [potion of
                  | mutation]
  6726 | D:6      | Gained mutation: You occasionally lose the ability to read
                  | scrolls when taking damage. [potion of mutation]
  6726 | D:6      | Gained mutation: You possess an exceptional clarity of
                  | mind. [potion of mutation]
  6727 | D:6      | Lost mutation: Your body sometimes deteriorates upon taking
                  | damage. [potion of mutation]
  6727 | D:6      | Lost mutation: You occasionally lose the ability to read
                  | scrolls when taking damage. [potion of mutation]
  6727 | D:6      | Lost mutation: You are weak. (Str -2) [potion of mutation]
  6727 | D:6      | Gained mutation: You are partially covered in iridescent
                  | scales. (AC +2) [potion of mutation]
  7001 | D:7      | Noticed a skeletal warrior
  7109 | D:7      | Noticed a wizard
  7109 | D:7      | Found the +7 mace of Variability {chain chaos}
  7129 | D:7      | Reached skill level 5 in Earth Magic
  7268 | D:7      | Noticed Joseph
  7303 | D:7      | Killed Joseph
  8284 | D:7      | Killed a skeletal warrior
  8285 | D:7      | Reached XP level 11. HP: 60/79 MP: 4/21
  8501 | D:8      | Found a burning altar of Makhleb.
  8501 | D:8      | Noticed Psyche
  8504 | D:8      | Killed Psyche
  8644 | D:8      | Reached **** piety under Kikubaaqudgha
  8652 | D:8      | HP: 3/79 [poisoned by a killer bee]
  9011 | D:8      | Found a staircase to the Lair.
  9350 | D:9      | Reached skill level 10 in Earth Magic
  9447 | D:9      | Reached skill level 10 in Necromancy
  9712 | D:9      | Reached ***** piety under Kikubaaqudgha
  9721 | D:9      | Slain by a troll

Illustrated notes

Levels and vault maps discovered:
D:1:      dreamdust_arrival_sigmund_warning, layout_loops_corners,
          ebering_ecumenical_altar_ruins
D:2:      layout_basic, basic_altar, nicolae_titane, uniq_jessica
D:3:      layout_basic, gammafunk_temple_overflow_forgotten, serial_shops, shop,
          kennysheep_generic_room_13
D:4:      layout_cave_pools, nicolae_overflow_crystal_walls,
          minmay_temple_entry_proselytizer, nicolae_ossuary_entry_catacombs
D:5:      minmay_angry_zag, layout_basic, uniq_grinder, uniq_duvessa,
          uniq_prince_ribbit1
D:6:      layout_cave_pods, uniq_pikel
D:7:      minmay_the_grid_plus_closed [minmay_the_grid_medium_cups,
          minmay_the_grid_garden, minmay_the_grid_stretched_grid,
          minmay_the_grid_empty, minmay_the_grid_prize_diamond_cup],
          layout_layer_cave, minmay_microvault, uniq_joseph
D:8:      layout_basic, lightli_temple_of_fire, lair_entry_dummy,
          minmay_orc_keep, uniq_psyche
D:9:      layout_cave_pods, david_orc_4, hangedman_decor_lopped,
          minmay_guarded_unrand_staff_of_olgreb

Skill      XL: |  1  2  3  4  5  6  7  8  9 10 11 |
---------------+----------------------------------+-----
Dodging        | 2 3 |  3.0
Fighting       | 1 2 3 5 |  5.0
Armour         | 1 2 3 5 |  5.0
Conjurations   | 4 5 6 |  6.0
Spellcasting   | 3 4 5 7 |  7.0
Necromancy     | 3 6 9 10 | 10.4
Earth Magic    | 8 10 | 10.5
Stealth        | |  2.4

Action                   |  1- 3 |  4- 6 |  7- 9 | 10-12 || total
-------------------------+-------+-------+-------+-------++-------
Melee: Dagger            |     1 |    27 |    34 |       ||    62
       Spear             |    10 |       |       |       ||    10
       Rapier            |       |       |       |     5 ||     5
       Dire flail        |       |       |       |    47 ||    47
       Punch             |       |       |       |     1 ||     1
 Fire: Sling             |       |    40 |    65 |    89 ||   194
       Arbalest          |       |       |       |    56 ||    56
 Cast: Magic Dart        |    18 |     4 |    17 |     4 ||    43
       Searing Ray       |     2 |    25 |    71 |    18 ||   116
       Borgnjor's Vile C |       |       |       |    48 ||    48
       Vampiric Draining |       |       |       |     5 ||     5
       Dispel Undead     |       |       |       |     3 ||     3
 Abil: Dig               |       |       |       |     1 ||     1
Evoke: Wand              |       |       |     5 |       ||     5
  Use: Scroll            |       |     8 |       |     6 ||    14
       Potion            |       |     2 |     1 |     4 ||     7
 Stab: Sleeping          |     2 |       |       |     1 ||     3
Armor: Robe              |     1 |    12 |    10 |    43 ||    66
Dodge: Dodged            |     8 |    52 |   115 |   118 ||   293
